 Dungeon Crawl Stone Soup version 0.17.1-3-g152610e (webtiles) character file.

12179 Peloso the Blocker (level 11, -5/99 HPs)
             Began as a Minotaur Fighter on Apr 9, 2016.
             Was a High Priest of Okawaru.
             Shot with an arrow by a centaur warrior (10 damage)
             ... on level 12 of the Dungeon.
             The game lasted 00:29:41 (10118 turns).

Peloso the Blocker (Minotaur Fighter)              Turns: 10118, Time: 00:29:42

Health: -5/99      AC: 18    Str: 22    XL:     11   Next: 59%
Magic:  11/11      EV:  9    Int:  5    God:    Okawaru [*****.]
Gold:   546        SH: 13    Dex: 12    Spells: 0 memorised, 10 levels left

rFire  + . .     SeeInvis .     N - +1 scimitar (curse)
rCold  x . .     Clarity  .     Q - +0 plate armour
rNeg   . . .     SustAt   .     c - +1 shield
rPois  .         Gourm    +     (helmet restricted)
rElec  .         Spirit   .     M - +1 cloak {+Inv}
rCorr  .         Warding  .     T - +0 pair of gloves {archery}
rMut   .         Stasis   .     (no boots)
MR     .....                    L - amulet of the gourmand
Stlth  ..........               (no ring)
                                r - ring of fire

@: not resistant to hostile enchantments, extremely unstealthy
A: retaliatory headbutt, horns 2
a: Heroism, Finesse, Renounce Religion, Evoke Invisibility


You were on level 12 of the Dungeon.
You worshipped Okawaru.
Okawaru was extremely pleased with you.
You were full.

You visited 2 branches of the dungeon, and saw 13 of its levels.

You collected 546 gold pieces.

Inventory:

Hand Weapons
 a - a +0 long sword
 n - a +0 whip of flaming
 G - the +3 rapier of the Wasteland {holy, rElec rN++ Str+2 Int-5}
   (You found it on level 8 of the Dungeon)

   It has been blessed by the Shining One to cause great damage to the undead
   and demons.
   It affects your strength (+2).
   It affects your intelligence (-5).
   It insulates you from electricity.
   It greatly protects you from negative energy.
 N - a cursed +1 scimitar (weapon)
 P - a +2 falchion of slicing
Armour
 c - a +1 shield (worn)
 M - a +1 cloak of invisibility (worn)
 Q - a +0 plate armour (worn)
 T - a +0 pair of gloves of archery (worn)
Jewellery
 r - a ring of fire (left hand)
 L - an amulet of the gourmand (around neck)
Wands
 k - a wand of lightning (11)
 B - a wand of disintegration (14)
 F - a wand of polymorph (16)
Scrolls
 d - a scroll of vulnerability {unknown}
 g - 12 scrolls of identify
 h - a scroll of enchant armour
 m - 4 scrolls of noise {unknown}
 q - 6 scrolls of remove curse {unknown}
 t - 3 scrolls of blinking {unknown}
 u - 4 scrolls of teleportation {unknown}
 w - 2 scrolls of enchant weapon {unknown}
 x - 2 scrolls of magic mapping {unknown}
 y - 2 scrolls of recharging {unknown}
 E - a scroll of amnesia {unknown}
 H - a scroll of random uselessness {unknown}
 J - a scroll of fog {unknown}
 K - a scroll of fear
 O - a scroll of acquirement {unknown}
Potions
 b - 3 potions of heal wounds
 j - a potion of poison {unknown}
 l - 3 potions of curing
 p - a potion of brilliance
 v - 2 potions of haste
 z - 2 potions of cancellation
 A - 2 potions of resistance {unknown}
 C - a potion of mutation {unknown}
 D - a potion of flight {unknown}
 I - 2 potions of cure mutation {unknown}
 S - a potion of magic {unknown}
Books
 R - a book of Annihilations

   Spells                             Type                      Level
   a - Poison Arrow                   Conjuration/Poison           6
   b - Chain Lightning                Conjuration/Air              8
   c - Lehudib's Crystal Spear        Conjuration/Earth            8
   d - Glaciate                       Conjuration/Ice              9
   e - Fire Storm                     Conjuration/Fire             9
Comestibles
 e - 11 bread rations
 f - 4 beef jerkies
 i - 8 fruits
 o - 3 royal jellies
 s - 6 meat rations


   Skills:
 + Level 9.7 Fighting
 + Level 0.4(6.5) Short Blades
 + Level 11.2 Long Blades
 + Level 10.3 Armour
 + Level 6.9 Dodging
 + Level 1.8 Stealth
 + Level 11.7 Shields
 + Level 1.7 Invocations
 + Level 0.5 Evocations


You had 10 spell levels left.
You didn't know any spells.

Dungeon Overview and Level Annotations

Branches:
Dungeon (12/15)            Temple (1/1) D:4            Lair (0/8) D:10
    Orc (0/4) D:11

Altars:
Ashenzari
Dithmenos
Fedhas
Gozag
Kikubaaqudgha
Nemelex Xobeh
Okawaru
Qazlal
Sif Muna
Trog
Vehumet
Yredelemnul
Zin
The Shining One

Shops:
D:9 }   D:10 (


Innate Abilities, Weirdness & Mutations

You reflexively headbutt those who attack you in melee.
You have a pair of horns on your head.


Message History

Unknown command.
You hit the cyclops.
You kill the cyclops!
Okawaru accepts your kill. The centaur warrior hits you!
* * * LOW HITPOINT WARNING * * *
You block the orc warrior's attack. The crimson imp barely misses you.
You block the centaur warrior's attack.
You see here a large rock.
The centaur warrior wields a shortbow.
The centaur warrior shoots an arrow.
The arrow hits you!
* * * LOW HITPOINT WARNING * * *
You hear a roar!
Things that are here:
an arrow; a large rock The centaur warrior unwields an uncursed shortbow.
The centaur warrior hits you but does no damage.
The centaur warrior wields an uncursed shortbow.
The centaur warrior shoots an arrow.
The arrow hits you!
You die...

### ##..# ##...#
#<...# #@...#
#.Y=.# #5co.# #
#####z(..#..#
.........(.#
..####.........#
#.........#
#.........#
#.........#


You could see a centaur warrior, a yak, an orc warrior, a wight and a crimson
imp.

Vanquished Creatures
  An unseen horror (D:10)
  Pikel (D:4)
  2 cyclopes
  An ugly thing (D:11)
  2 gargoyles (D:11)
  The ghost of CcS the Slasher, a novice FoAK of Lugonu (D:11)
  A two-headed ogre (D:9)
  A trapdoor spider (D:11)
  A deep elf mage (D:10)
  11 yaks (D:9)
  Eustachio (D:4)
  A human (D:8)
  4 hippogriffs
  A hungry ghost (D:7)
  Menkaure (D:4)
  2 water moccasins
  4 orc warriors
  10 ogres
  3 ice beasts
  2 black bears (D:9)
  A phantom (D:8)
  2 necrophages
  4 centaurs
  4 sky beasts
  2 big kobolds
  11 giant frogs
  A water moccasin skeleton (D:11)
  A scorpion (D:9)
  4 killer bees (D:9)
  An electric eel (D:10)
  10 wights
  5 crimson imps
  8 orc priests
  A centaur zombie (D:10)
  5 orc wizards
  A giant frog zombie (D:8)
  A centaur skeleton (D:6)
  5 iguanas
  4 jellies
  A giant frog skeleton (D:10)
  6 hounds
  6 worker ants
  4 sheep (D:8)
  2 hound skeletons
  3 worker ant zombies
  8 adders
  6 gnolls
  3 shadow imps
  2 oozes
  2 adder zombies
  3 worms
  10 giant geckos
  60 orcs
  9 bats
  6 hobgoblins
  2 jackals (D:10)
  7 kobolds
  6 quokkas
  2 giant cockroaches (D:2)
  5 giant newts
  5 goblins
  A quokka skeleton (D:8)
  9 rats
  A fungus (D:10)
  A plant (D:10)
292 creatures vanquished.

Vanquished Creatures (others)
  A giant gecko (D:4)
  A fungus (D:10)
  3 plants (D:10)
5 creatures vanquished.

Grand Total: 297 creatures vanquished

Notes
Turn   | Place    | Note
--------------------------------------------------------------
     0 | D:1      | Peloso the Minotaur Fighter began the quest for the Orb.
     0 | D:1      | Reached XP level 1. HP: 19/19 MP: 0/0
   150 | D:1      | Found a radiant altar of Vehumet.
   351 | D:1      | Reached XP level 2. HP: 27/27 MP: 1/1
   649 | D:2      | Reached skill level 4 in Fighting
   691 | D:2      | Reached XP level 3. HP: 20/33 MP: 2/2
   951 | D:2      | Found an ancient bone altar of Kikubaaqudgha.
  1047 | D:2      | Found a sparkling altar of Nemelex Xobeh.
  1501 | D:2      | Found a deep blue altar of Sif Muna.
  1501 | D:2      | Found a glowing golden altar of the Shining One.
  1844 | D:3      | Found an opulent altar of Gozag.
  1918 | D:3      | Reached XP level 4. HP: 41/41 MP: 3/3
  1920 | D:3      | Reached skill level 1 in Dodging
  2285 | D:3      | Noticed a giant frog
  2286 | D:3      | Found a shadowy altar of Dithmenos.
  2293 | D:3      | Killed a giant frog
  2293 | D:3      | Reached XP level 5. HP: 44/47 MP: 4/4
  2388 | D:4      | Reached skill level 5 in Armour
  2463 | D:4      | Reached skill level 5 in Fighting
  2479 | D:4      | Reached skill level 5 in Shields
  2479 | D:4      | Reached XP level 6. HP: 10/56 MP: 5/5
  2725 | D:4      | Noticed Eustachio
  2763 | D:4      | Killed Eustachio
  2763 | D:4      | Reached skill level 1 in Stealth
  2816 | D:4      | Noticed Menkaure
  2824 | D:4      | Killed Menkaure
  2824 | D:4      | Reached XP level 7. HP: 27/61 MP: 6/6
  3062 | D:4      | Found a staircase to the Ecumenical Temple.
  3066 | D:4      | Noticed a slave
  3066 | D:4      | Noticed a slave
  3067 | D:4      | Noticed Pikel
  3087 | D:4      | Noticed a slave
  3092 | D:4      | Killed Pikel
  3092 | D:4      | Reached skill level 6 in Armour
  3092 | D:4      | Reached XP level 8. HP: 39/70 MP: 7/7
  3100 | D:4      | Noticed a freed slave
  3107 | Temple   | Entered the Ecumenical Temple
  3115 | Temple   | Became a worshipper of Warmaster Okawaru
  3280 | D:4      | Reached skill level 5 in Long Blades
  3529 | D:5      | Entered Level 5 of the Dungeon
  3564 | D:5      | Reached skill level 5 in Dodging
  4161 | D:5      | Reached skill level 7 in Armour
  4329 | D:6      | Reached * piety under Okawaru
  4641 | D:6      | Found a radiant altar of Vehumet.
  4642 | D:6      | Found a basalt altar of Yredelemnul.
  4768 | D:6      | Found a blossoming altar of Fedhas.
  4997 | D:7      | Reached XP level 9. HP: 78/78 MP: 8/8
  5332 | D:7      | Found a sparkling altar of Nemelex Xobeh.
  5532 | D:8      | Reached ** piety under Okawaru
  5805 | D:8      | Reached skill level 8 in Armour
  5860 | D:8      | Got a bloodstained rapier
  5861 | D:8      | Lost intelligence.
  5861 | D:8      | Identified the +3 rapier of the Wasteland {holy, rElec rN++ Str+2 Int-5} (You found it on level 8 of the Dungeon)
  6449 | D:9      | Reached *** piety under Okawaru
  6449 | D:9      | Reached skill level 9 in Armour
  6456 | D:9      | Reached XP level 10. HP: 86/88 MP: 9/9
  6657 | D:9      | Reached **** piety under Okawaru
  6883 | D:9      | Found Estrast's Gadget Emporium.
  6997 | D:9      | Reached skill level 1 in Invocations
  7071 | D:9      | Reached skill level 10 in Shields
  7083 | D:9      | Reached skill level 10 in Long Blades
  7855 | D:10     | Entered Level 10 of the Dungeon
  7906 | D:10     | Found a staircase to the Lair.
  7969 | D:10     | Reached XP level 11. HP: 97/97 MP: 11/11
  8145 | D:10     | Found Heryurir's Antique Weapon Shoppe.
  8238 | D:10     | Killed an unseen horror
  8238 | D:10     | Reached ***** piety under Okawaru
  9204 | D:11     | Found a staircase to the Orcish Mines.
  9223 | D:11     | Reached skill level 10 in Armour
  9338 | D:11     | Reached skill level 11 in Shields
  9688 | D:11     | Noticed CcS's ghost (novice FoAK)
  9702 | D:11     | Killed CcS's ghost
 10106 | D:12     | Noticed a centaur warrior
 10116 | D:12     | HP: 4/99 [centaur warrior/arrow (14)]
 10118 | D:12     | Shot with an arrow by a centaur warrior

Action                   |  1- 3 |  4- 6 |  7- 9 | 10-12 || total
-------------------------+-------+-------+-------+-------++-------
Melee: Long sword        |   101 |    87 |   343 |       ||   531
       Scimitar          |       |       |    25 |   552 ||   577
       Rapier            |       |       |     5 |       ||     5
Invok: Heroism           |       |       |     2 |     6 ||     8
       Finesse           |       |       |       |     1 ||     1
Evoke: Wand              |       |       |     2 |       ||     2
  Use: Potion            |       |     2 |       |       ||     2
       Scroll            |       |     1 |     8 |     1 ||    10
  Eat: Chunk             |     3 |     3 |    13 |    20 ||    39
